[Event "Late-Titled-Tuesday-Blitz-September-19-2023"]
[Site "Chess.com"]
[Date "2023.09.19"]
[Round "4"]
[White "kleopl"]
[Black "dawid498"]
[Result "0-1"]
[WhiteElo "2459"]
[BlackElo "2649"]
[TimeControl "180+1"]
[EndTime "14:37:59 PDT"]
[Termination "dawid498 won on time"]

1. e4 c5 2. Nf3 e6 3. b3 b6 4.
d4 cxd4 5. Nxd4 Nc6 6. Nxc6 dxc6 7. Qxd8+ Kxd8 8. Bb2 Nf6 9. f3 Nd7 10. Nd2 e5 11. O-O-O Kc7 12. Nc4 f6 13. Ne3 Nc5 14. a4 Be6 15. Bc4 Bxc4 16. Nxc4 Ne6 17. Bc3 Bc5 18. Kb2 Rad8 19. Kc1 Nf4 20. g3 Ne2+ 21. Kb2 Nxc3 22. Kxc3 b5 23. axb5 cxb5 24. Nd2 Bd4+ 25. Kd3 Kb6 26. c3 Bc5+ 27. Kc2 a5 28. c4 Bb4 29.
cxb5 Kxb5 30. Nc4 a4 31. Nb2 Rc8+ 32. Kb1 axb3 33. Rd7 Bc5 34. Rhd1 Bd4 35. Rxg7 Rc2 36. Nd3 Ra8 37. Rb7+ Kc4 38. Rc7+ Kb5 39. Rb7+ Kc6 40. Rxb3 Rxh2 41. Rc1+ Kd6 42. Nb2 Rg8 43. g4 h5 44. gxh5 Rgg2 45. Nc4+ Ke6 46. Rd1 Ra2 0-1

[Event "Late-Titled-Tuesday-Blitz-September-19-2023"]
[Site "Chess.com"]
[Date "2023.09.19"]
[Round "4"]
[White "Zhigalko_Sergei"]
[Black "HamedWafa4"]
[Result "1/2-1/2"]
[WhiteElo "2833"]
[BlackElo "2653"]
[TimeControl "180+1"]
[EndTime "14:38:01 PDT"]
[Termination "Game drawn by repetition"]

1. e4 c5 2. Nf3 d6 3. d4 cxd4 4. Qxd4 Nf6 5. Nc3 Nc6 6. Bb5 Bd7 7. Bxc6 Bxc6 8. Bg5 e6 9. O-O-O Be7 10. Rhe1 h6 11.
Bh4 O-O 12. Kb1 Qb6 13. Qd2 Rfe8 14. Nd4 Rac8 15. f3 a6 16. Bf2 Qc7 17. Bg3 Red8 18.
h4 b5 19. Bh2 b4 20. Nce2 a5 21. g4 Nh7 22. Nxc6 Qxc6 23. Nd4 Qc4 24. Bg3 Bf6 25.
Bf2 a4 26. Qd3 Qc7 27. Nb5 Qc6 28. Na7 Qc7 29. Nxc8 Rxc8 30. Re2 a3 31. b3 Nf8 32. Red2 Bc3 33. Qxd6 Bxd2 34. Qxc7 Rxc7 35. Rxd2 Ng6 36. Bg3 e5 37. h5 Nf4 38. Bxf4 exf4 39. Rd4 Rc3 40. Rd3 Rc5 41. Kc1 g6 42. hxg6 fxg6 43. Rd4 Rc3 44. Rd3 Rc5 45. Kd2 h5 46. gxh5 gxh5 47.
Rd8+ Kg7 48. Rb8 h4 49. Rxb4 Rh5 50. Rb7+ Kf6 51. Rb6+ Kf7 52. Rb7+ Kf6 53. Rb6+ Kg7 54. Rb7+ Kg8 55. Rb8+ Kg7 56. Rb7+ 1/2-1/2

[Event "Late-Titled-Tuesday-Blitz-September-19-2023"]
[Site "Chess.com"]
[Date "2023.09.19"]
[Round "4"]
[White "Orest_Vovk"]
[Black "Francisco_Ferrari"]
[Result "1-0"]
[WhiteElo "2556"]
[BlackElo "2370"]
[TimeControl "180+1"]
[EndTime "14:38:01 PDT"]
[Termination "Orest_Vovk won by checkmate"]

1. e4 c5 2. Nf3 d6 3. Bb5+ Bd7 4. a4 Nf6 5. d3 a6 6. Bxd7+ Qxd7 7. a5 Nc6 8. O-O g6 9. Nc3 Rd8 10. Re1 Bg7 11. e5 dxe5 12. Nxe5 Nxe5 13. Rxe5 Qc7 14. Bf4 Nh5 15. Rxh5 Qxf4 16. Rh3 O-O 17. Ne4 Bxb2 18. Rb1 Bg7 19. Nxc5 Bd4 20. Ne4 f5 21. Rf3 Qc7 22. Ng5 Qc6 23. Qe2 e5 24. Rh3 Rd7 25.
Nf3 Rc8 26. Nxd4 exd4 27. g3 Rdc7 28. Rb6 Qxc2 29. Qe6+ Kg7 30. Rxh7+ Kxh7 31. Qxg6+ Kh8 32. Qh6+ Rh7 33. Qf6+ Kg8 34. Qg6+ Rg7 35. Qe6+ Kh8 36. Qh6+ Kg8 37. Qe6+ Kh8 38. Qh6+ Rh7 39. Qf6+ Kg8 40. Qe6+ Rf7 41. Qg6+ Kf8 42. Qh6+ Ke8 43. Qe6+ Re7 44.
Qg8+ Kd7 45. Qd5+ Ke8 46. Qg8+ Kd7 47. Qd5+ Kc7 48. Qd6# 1-0

[Event "Late-Titled-Tuesday-Blitz-September-19-2023"]
[Site "Chess.com"]
[Date "2023.09.19"]
[Round "4"]
[White "Squirlolz"]
[Black "rionelG"]
[Result "1-0"]
[WhiteElo "2500"]
[BlackElo "2328"]
[TimeControl "180+1"]
[EndTime "14:38:01 PDT"]
[Termination "Squirlolz won by resignation"]

1. d4 Nf6 2. g3 g6 3. Bg2 Bg7 4.
e4 d6 5. Ne2 O-O 6. O-O Nfd7 7.
Be3 c5 8. c3 Nc6 9. d5 Nce5 10.
a4 Ng4 11. Bf4 Rb8 12. Na3 a6 13. Qd2 b5 14. axb5 axb5 15. h3 Nge5 16. Bh6 b4 17. cxb4 Rxb4 18. Bxg7 Kxg7 19. f4 Nc4 20. Qc3+ Nce5 21.
fxe5 Nxe5 22. b3 Ba6 23. Rf2 Qb6 24. Nc1 Rb8 25. Nc2 Rb5 26. Bf1 f6 27. Bxb5 Bxb5 28.
Qa5 Bd7 29. Qxb6 Rxb6 30. Ra7 c4 31. bxc4 Rb1 32. Ra1 Rb2 33. Nd4 Rb4 34. Rc2 Nxc4 35. Ra7 Ne5 36. Nc6 Bxh3 37. Nxe5 fxe5 38. Rxe7+ Kf6 39.
Rxh7 Bg4 40. Nd3 Rxe4 41. Nf2 Re1+ 42. Kg2 Bf5 43. Rcc7 e4 44. g4 e3 45. gxf5 exf2 46. Kxf2 Re5 47. fxg6 Kxg6 48. Rhd7 Rxd5 49. Rc6 1-0

[Event "Late-Titled-Tuesday-Blitz-September-19-2023"]
[Site "Chess.com"]
[Date "2023.09.19"]
[Round "4"]
[White "Cambek64"]
[Black "AlexNovitz"]
[Result "1-0"]
[WhiteElo "2474"]
[BlackElo "2242"]
[TimeControl "180+1"]
[EndTime "14:38:01 PDT"]
[Termination "Cambek64 won on time"]

1. d4 Nf6 2. Nc3 d5 3. Bg5 a6 4. Bxf6 exf6 5. e4 dxe4 6. Nxe4 f5 7. Ng3 g6 8. c3 Bg7 9. Bc4 O-O 10. N1e2 b5 11. Bb3 Bb7 12. O-O Qd6 13. Re1 f4 14.
Nf1 f3 15. gxf3 Bxf3 16. Qd3 Bb7 17. Neg3 Nd7 18. Ne4 Qf4 19. Qg3 Bh6 20. Qxf4 Bxf4 21. Rad1 Rad8 22. h4 h6 23. Nfg3 Kg7 24. h5 Rfe8 25.
hxg6 fxg6 26. Nc5 Nxc5 27. Rxe8 Rxe8 28. dxc5 Bf3 29. Rd7+ Kf6 30. Kf1 h5 31. Bd5 Bxd5 32. Rxd5 h4 33. Ne2 Re4 34. f3 Re3 35. Kf2 Bh6 36. Ng1 Re7 37. c6 Ke6 38. Rd4 g5 39.
Nh3 Kf6 40. a4 Bf8 41. axb5 axb5 42. Rd5 Re6 43. Nxg5 Rxc6 44. Ne4+ Kg6 45. Rxb5 Bd6 46. Kg2 1-0

[Event "Late-Titled-Tuesday-Blitz-September-19-2023"]
[Site "Chess.com"]
[Date "2023.09.19"]
[Round "4"]
[White "MikeSailer"]
[Black "Defenstrator"]
[Result "0-1"]
[WhiteElo "2178"]
[BlackElo "2333"]
[TimeControl "180+1"]
[EndTime "14:38:04 PDT"]
[Termination "Defenstrator won on time"]

1. d4 Na6 2. c4 Nh6 3. Nc3 Ng4 4. f3 Nf6 5. e4 Nb4 6. a3 Nc6 7. b4 Ng8 8. Be3 Nb8 9. Qd2 d6 10. h3 e5 11. f4 Qh4+ 12. Kd1 Bg4+ 13. Kc2 Nd7 14.
Nb5 O-O-O 15. Nxa7+ Kb8 16. Nb5 Ngf6 17. Bd3 g6 18. hxg4 Qxh1 19. fxe5 Nxg4 20. Bg5 Bh6 21. Bxd8 Bxd2 22. Bxc7+ Kc8 23. exd6 b6 24. Kxd2 Qh6+ 25. Kc3 Nf2 26. Re1 Nxd3 27. Kxd3 Qh4 28. Nf3 Qg3 29. c5 Qxg2 30. Re3 Kb7 31. cxb6 Nxb6 32.
Bxb6 Kxb6 33. Nc3 Ra8 34. a4 f5 35. e5 f4 36. Re2 Qxf3+ 37. Kc4 Rc8+ 38. Kb3 Qxc3+ 39.
Ka2 Qc4+ 40. Ka3 Qd3+ 0-1

[Event "Late-Titled-Tuesday-Blitz-September-19-2023"]
[Site "Chess.com"]
[Date "2023.09.19"]
[Round "4"]
[White "JesseFebruary"]
[Black "Balla_Tamas"]
[Result "0-1"]
[WhiteElo "2020"]
[BlackElo "2428"]
[TimeControl "180+1"]
[EndTime "14:38:05 PDT"]
[Termination "Balla_Tamas won by resignation"]

1. e4 c5 2. Nf3 Nc6 3. d4 cxd4 4. Nxd4 e5 5. Ne2 Bc5 6. g3 Qb6 7. Bg2 Bxf2+ 8. Kf1 Nf6 9. Nbc3 O-O 10. Bg5 Ng4 11.
Nd5 Qc5 12. Qd2 h6 13. h3 Nh2+ 14. Rxh2 hxg5 15. b4 Qd6 16. Kxf2 f5 17. Kg1 f4 18. Rf1 b6 19. c4 Bb7 20. b5 Na5 21. Qc3 Rac8 22.
gxf4 gxf4 23. Bf3 Nxc4 24. Qb4 Qxb4 25. Nxb4 Ne3 26. Rc1 Rxc1+ 27. Nxc1 Rc8 28. Ncd3 Rc4 29. Rb2 Bxe4 30. Nxe5 Rc1+ 31. Kf2 Bxf3 32. Nxf3 Nd1+ 33.
Ke2 Nxb2 34. Kd2 Rc4 35. Nd5 Rc5 36. Nxf4 Rxb5 37. Nd4 Nc4+ 38. Kc3 Rc5 39. Nd3 Rc8 40. Kb4 a5+ 41. Kb5 d5 42. Nc6 Kf7 43. Nce5+ Nxe5 44. Nxe5+ Ke6 45. Nd3 Rc3 46. Nf4+ Ke5 47. Ng6+ Kf6 48.
Nf8 d4 49. Nd7+ Ke6 50. Nxb6 d3 51. Nc4 Rxc4 52. Kxc4 d2 53. a4 d1=Q 0-1

[Event "Late-Titled-Tuesday-Blitz-September-19-2023"]
[Site "Chess.com"]
[Date "2023.09.19"]
[Round "4"]
[White "MBA_CHESS_2021"]
[Black "GeorgiosSouleidis"]
[Result "0-1"]
[WhiteElo "2173"]
[BlackElo "2510"]
[TimeControl "180+1"]
[EndTime "14:38:07 PDT"]
[Termination "GeorgiosSouleidis won on time"]

1. e4 c5 2. c4 Nc6 3. Nc3 g6 4. d3 Bg7 5. Be3 d6 6. f4 Nf6 7.
h3 O-O 8. Nf3 Ne8 9. Be2 Nc7 10.
O-O Ne6 11. a3 Ned4 12. Kh2 a6 13. Rb1 Rb8 14. Nd5 e6 15. Nc3 b5 16. Nd2 Nxe2 17.
Qxe2 Nd4 18. Bxd4 Bxd4 19. Nd1 Bg7 20. Ne3 bxc4 21. Ndxc4 d5 22. Ne5 Qd6 23. N5g4 h5 24. e5 Qd8 25. Nf2 a5 26. Rfc1 Qb6 27. b3 Ba6 28. g3 Rfc8 29. h4 Qb5 30. Qd2 Bf8 31.
Ned1 a4 32. Nc3 Qd7 33. Nxa4 Bb5 34. Nc3 Bc6 35. d4 cxd4 36. Qxd4 Bxa3 37. Rd1 Be7 38.
Nce4 Qd8 39. Nf6+ Kg7 40. g4 Bxf6 41. exf6+ Qxf6 42. Qxf6+ Kxf6 43. gxh5 gxh5 44. Nd3 Rg8 45. Ne5 Rb6 46. Rbc1 Bb5 47. Rc7 Rg7 48. Rd2 Kf5 49.
Nxf7 Kxf4 50. Nd6 Ke3 0-1

[Event "Late-Titled-Tuesday-Blitz-September-19-2023"]
[Site "Chess.com"]
[Date "2023.09.19"]
[Round "4"]
[White "Der_Honigdachs"]
[Black "ChessSwole"]
[Result "0-1"]
[WhiteElo "2518"]
[BlackElo "2711"]
[TimeControl "180+1"]
[EndTime "14:38:12 PDT"]
[Termination "ChessSwole won on time"]

1. d4 d5 2. Bf4 c5 3. e3 Nc6 4. Nf3 Nf6 5. Bb5 e6 6. Ne5 Qb6 7. c4 a6 8. Qa4 Bd7 9. Nxd7 Nxd7 10. O-O Rc8 11. Bxc6 Qxc6 12. Qxc6 bxc6 13. Nd2 cxd4 14. exd4 Be7 15. Rac1 O-O 16. c5 f6 17. Nb3 e5 18.
Be3 Bd8 19. Bd2 Re8 20. Rfe1 Kf7 21. Ba5 Rb8 22. Bxd8 Rexd8 23. f4 exf4 24. Na5 Rxb2 25. Nxc6 Re8 26. Rxe8 Kxe8 27. Re1+ Kf8 28. Ne7 Rd2 29. c6 Nb6 30. c7 Rc2 31. Re6 Rxc7 32. Nf5 Rc1+ 33.
Kf2 Nc4 34. Rxa6 g6 35. Ra8+ Kf7 36. Ra7+ Ke6 37. Ng7+ Kd6 38. Ne8+ Kc6 39. Nxf6 Nd2 40. Rxh7 Rc2 41. Ke1 Rxa2 42. Rg7 Kb5 43. Rxg6 Kc4 44. Rg4 f3 45. Kf2 Ne4+ 46. Kxf3 Nxf6 47. Rg6 Ne4 48. h4 Kxd4 49. h5 Rf2+ 50. Kg4 Rxg2+ 0-1

[Event "Late-Titled-Tuesday-Blitz-September-19-2023"]
[Site "Chess.com"]
[Date "2023.09.19"]
[Round "4"]
[White "sebastianmarinp"]
[Black "IMRosen"]
[Result "1-0"]
[WhiteElo "2411"]
[BlackElo "2571"]
[TimeControl "180+1"]
[EndTime "14:38:14 PDT"]
[Termination "sebastianmarinp won on time"]

1. d4 Nf6 2. c4 e5 3. dxe5 Ng4 4. Nf3 Bc5 5. e3 Nc6 6. Be2 Ngxe5 7. O-O O-O 8. Nc3 Re8 9. b3 Nxf3+ 10. Bxf3 Ne5 11. Be2 a5 12. Bb2 Ra6 13. Ne4 Bf8 14.
Ng3 Rg6 15. f4 Nc6 16. Bd3 Bc5 17. Bxg6 Bxe3+ 18. Kh1 hxg6 19. f5 Qh4 20. fxg6 fxg6 21. Qf3 Re7 22. Rae1 Qh6 23. Ne4 Bd2 24. Nxd2 Kh7 25.
Rxe7 Nxe7 26. Ne4 d5 27. cxd5 Bf5 28. Ng3 Bc2 29. Qf7 Ng8 30. Qxc7 a4 31. Qxc2 a3 32.
Ba1 Ne7 33. Qc3 Nxd5 34. Qxg7+ Qxg7 35. Bxg7 Kxg7 36. Ne4 b5 37. g3 Nb4 38. Nc3 g5 39. Nxb5 Nxa2 40. Nxa3 Nb4 41. Nc4 Nc2 42. Kg2 g4 43. Rf4 Kg6 44. Rxg4+ Kh5 45. Rf4 Ne1+ 46. Kf2 Nd3+ 47. Ke3 Nc1 48. Rf5+ Kg4 49. Rf4+ Kg5 50.
Rh4 Nxb3 51. Ne5 Nc5 52. Nf3+ Kg6 53. Kf4 Nd3+ 54. Ke3 Nb2 55. Rg4+ Kh6 56. Rd4 1-0

[Event "Late-Titled-Tuesday-Blitz-September-19-2023"]
[Site "Chess.com"]
[Date "2023.09.19"]
[Round "4"]
[White "K_A_S_T_O_R"]
[Black "lefonghua"]
[Result "0-1"]
[WhiteElo "2914"]
[BlackElo "2667"]
[TimeControl "180+1"]
[EndTime "14:38:15 PDT"]
[Termination "lefonghua won by resignation"]

1. e4 c5 2. Nf3 g6 3. d4 cxd4 4. Nxd4 Bg7 5. c4 Nc6 6. Be3 Nf6 7. Nc3 d6 8. Be2 O-O 9. O-O Bd7 10. Qd2 Nxd4 11.
Bxd4 Bc6 12. f3 a5 13. b3 Nd7 14. Bf2 Nc5 15. Rab1 Qb6 16. a3 Qd8 17. Bd1 e6 18. Bc2 Be5 19. b4 axb4 20. axb4 Na4 21. Bxa4 Bxa4 22.
b5 Qa5 23. Rfc1 Rfc8 24. Qd3 Rc7 25. Bd4 Rac8 26. Bxe5 dxe5 27. Ne2 Rc5 28. Rc3 Rd8 29. Qe3 Rdc8 30. Rbc1 Qb4 31. Qd3 Kg7 32. h4 h5 33. Kf2 R5c7 34. g4 hxg4 35. fxg4 Qe7 36. Kg3 Rd7 37. Qe3 Rcd8 38. Rf1 Rd2 39. Rf3 R8d7 40.
g5 Qb4 41. Ng1 Qb2 42. Kh3 Rg2 43. Rg3 Rh2+ 44. Kg4 Bd1+ 45. Nf3 Qf2 46. Qxf2 Rxf2 47. Rh3 Rd4 48. c5 Rxe4+ 49. Kg3 Rxf3+ 50. Rxf3 Bxf3 51. Kxf3 Rc4 52. Ke2 Rxc5 53. Rb3 Rc4 54. Kf3 Rxh4 55.
Rb2 Rf4+ 56. Kg3 Rc4 57. b6 Rc6 58. Kf3 Kf8 59. Ke4 Ke7 60. Kxe5 Rc5+ 61. Kf4 Rc4+ 62. Ke5 Rc5+ 63. Kf4 Kd6 64. Rd2+ Kc6 65. Rd8 Kxb6 66. Rd7 Rf5+ 67. Kg4 Kc6 68. Re7 b5 69. Re8 Kc5 70.
Rc8+ Kb4 71. Rb8 Kc4 72. Rc8+ Kb3 73. Rb8 b4 0-1

[Event "Late-Titled-Tuesday-Blitz-September-19-2023"]
[Site "Chess.com"]
[Date "2023.09.19"]
[Round "4"]
[White "maciek_92"]
[Black "GMBenjaminBok"]
[Result "0-1"]
[WhiteElo "2730"]
[BlackElo "2959"]
[TimeControl "180+1"]
[EndTime "14:38:16 PDT"]
[Termination "GMBenjaminBok won by resignation"]

1. c4 c6 2. Nf3 d5 3. e3 Nf6 4. b3 Bf5 5. Bb2 e6 6. Be2 Nbd7 7. Nc3 h6 8. O-O Bd6 9. d4 O-O 10. Bd3 Ne4 11. Qc2 Ndf6 12. h3 Qe7 13. Nd2 Nxd2 14.
Qxd2 Rfe8 15. Rad1 Rad8 16. Qc2 Bxd3 17. Qxd3 e5 18. cxd5 e4 19. Qe2 cxd5 20. Rc1 Bb8 21. Rc2 Qd6 22. g3 h5 23. h4 Ng4 24. Nb5 Qd7 25. Rfc1 Re6 26. Bc3 Rf6 27. Be1 Rf3 28. Rc5 Qf5 29. Nc7 g5 30. Nxd5 Rxd5 31. Rxd5 Qxd5 32.
Rc8+ Kg7 33. Rxb8 gxh4 34. Qc2 Qf5 35. Qc5 Qxc5 36. dxc5 hxg3 37. fxg3 Rxe3 38. Kf1 Rd3 39. b4 Ne3+ 40. Ke2 Nc2 41. b5 Nd4+ 42. Kf1 Rd1 43. Rxb7 Nf3 44. c6 Rxe1+ 45. Kf2 Rc1 46.
Rxa7 Rc3 47. b6 Nd4 48. b7 e3+ 49. Kg2 e2 50. b8=Q e1=Q 51. Rxf7+ Kxf7 52. Qf4+ Ke6 53. Qxd4 Rc2+ 54. Kf3 Qe2+ 55. Kf4 Rc4 0-1

[Event "Late-Titled-Tuesday-Blitz-September-19-2023"]
[Site "Chess.com"]
[Date "2023.09.19"]
[Round "4"]
[White "chessdjw"]
[Black "DanielDardha2005"]
[Result "1/2-1/2"]
[WhiteElo "2667"]
[BlackElo "2918"]
[TimeControl "180+1"]
[EndTime "14:38:17 PDT"]
[Termination "Game drawn by repetition"]

1. d4 Nf6 2. Nf3 b6 3. c4 Bb7 4. g3 g6 5. Bg2 Bg7 6. O-O O-O 7.
Qc2 Be4 8. Qd2 Bb7 9. Nc3 Ne4 10.
Nxe4 Bxe4 11. Qf4 f5 12. Qh4 Bxf3 13. Bxf3 Nc6 14. Bg5 Bf6 15. e3 Bxg5 16. Qxg5 e6 17. Qh6 Qf6 18. h4 Rad8 19. Qf4 e5 20. dxe5 Nxe5 21.
Be2 Kg7 22. Rad1 d6 23. Qd4 h6 24. Kg2 a5 25. b3 Nd7 26. Rd2 Nc5 27. Bf3 Rfe8 28. Qxf6+ Kxf6 29. Rfd1 Ne4 30. Rd4 Nc3 31. R1d2 Ne4 32. Bxe4 Rxe4 33. Rxe4 fxe4 34. g4 Re8 35. Kg3 g5 36. Rd4 Re5 37. h5 Ke6 38. Kg2 c5 39.
Rd2 d5 40. Kf1 a4 41. Ke2 a3 42. Kd1 Kd6 43. Kc2 Kc6 44. Kc3 b5 45. cxd5+ Rxd5 46.
Rxd5 Kxd5 47. Kd2 Kc6 48. Kc3 Kd5 49. b4 c4 50. Kd2 Ke5 51. Kc3 Ke6 52. Kd2 Kd5 53.
Kc2 Ke5 54. Kd2 Kd5 55. Kc3 Ke5 56. Kc2 Kd5 57. Kc3 Ke5 58. Kc2 Kd5 59. Kc3 1/2-1/2

[Event "Late-Titled-Tuesday-Blitz-September-19-2023"]
[Site "Chess.com"]
[Date "2023.09.19"]
[Round "4"]
[White "YEIKO2017"]
[Black "azikom"]
[Result "1-0"]
[WhiteElo "2466"]
[BlackElo "2619"]
[TimeControl "180+1"]
[EndTime "14:38:22 PDT"]
[Termination "YEIKO2017 won on time"]

1. e4 c5 2. Nf3 e6 3. Nc3 a6 4.
d4 cxd4 5. Nxd4 b5 6. Be2 Bb7 7. O-O b4 8. Nd5 exd5 9. exd5 Bc5 10.
Bf3 Qf6 11. Re1+ Ne7 12. Nb3 Bd6 13. Na5 Bc8 14. Nc4 O-O 15. Nxd6 Qxd6 16. Rxe7 Qxe7 17. d6 Qe5 18. Bxa8 Re8 19. Be3 a5 20. h3 Ba6 21.
a3 b3 22. cxb3 Qxb2 23. Bd4 Qe2 24. Bf3 Qxd1+ 25. Rxd1 h6 26. Bb6 a4 27. bxa4 Re5 28.
a5 Bb5 29. Bc7 Na6 30. Rb1 Bd3 31. Rb6 Rc5 32. Bd8 Rc1+ 33. Kh2 Rc3 34. Bd5 Nc5 35. Rb8 Kh7 36. Bxf7 Rxa3 37. Bb6 Ne4 38. h4 Nf6 39. h5 Bf5 40. Bg6+ Bxg6 41. hxg6+ Kxg6 42. Ra8 Ra4 43. a6 Nd5 44. Bc5 Ra5 45. a7 Rxc5 46. Rb8 Ra5 47.
a8=Q Rxa8 48. Rxa8 Kf6 49. Ra5 Ke6 50. Ra7 1-0

[Event "Late-Titled-Tuesday-Blitz-September-19-2023"]
[Site "Chess.com"]
[Date "2023.09.19"]
[Round "4"]
[White "Quattroporte300"]
[Black "Arimin1329"]
[Result "0-1"]
[WhiteElo "2390"]
[BlackElo "2275"]
[TimeControl "180+1"]
[EndTime "14:38:22 PDT"]
[Termination "Arimin1329 won on time"]

1. e4 c6 2. d4 d5 3. Nc3 dxe4 4. Nxe4 Bf5 5. Ng3 Bg6 6. Nh3 h6 7. Nf4 Bh7 8. Bc4 e6 9. c3 Nf6 10. O-O Be7 11. Re1 O-O 12. Qf3 Nd5 13. Qg4 Nf6 14. Qh3 Qa5 15. Bd2 Kh8 16. Nd3 Nbd7 17. Ne5 Nxe5 18. Rxe5 Qb6 19. Bb3 Bd6 20. Re2 Bd3 21.
Ree1 Bg6 22. f4 c5 23. Be3 cxd4 24. Bxd4 Bc5 25. Bxc5 Qxc5+ 26. Kh1 Rad8 27. Re5 Qf2 28. Rf1 Qxb2 29. f5 exf5 30. Nxf5 Bxf5 31. Rexf5 Qd2 32.
R5f2 Qg5 33. Rf5 Qg6 34. Qf3 Rd2 35. Qxb7 Rd7 36. Qf3 Rfd8 37. h3 Rd2 38. Rf2 R2d3 39. Qb7 R8d7 40. Qc8+ Rd8 41. Qc7 R3d7 42. Qf4 Nh5 43.
Rxh5 Qxh5 44. Kh2 f6 45. Be6 Re7 46. Bg4 Qe5 47. Kg3 Rd3+ 48. Bf3 Rxc3 49. Qxe5 Rxe5 50. Rb2 Re7 51. Rb8+ Kh7 52. Kf4 g6 53. Be4 f5 54.
Bb1 Kg7 55. g4 fxg4 56. Kxg4 Rd7 57. Rb4 h5+ 58. Kh4 Kh6 0-1

[Event "Late-Titled-Tuesday-Blitz-September-19-2023"]
[Site "Chess.com"]
[Date "2023.09.19"]
[Round "4"]
[White "Grig1508"]
[Black "Heinza9"]
[Result "0-1"]
[WhiteElo "2031"]
[BlackElo "2300"]
[TimeControl "180+1"]
[EndTime "14:38:23 PDT"]
[Termination "Heinza9 won on time"]

1. e4 e5 2. Nf3 Nc6 3. d4 exd4 4.
Nxd4 Nf6 5. Nxc6 bxc6 6. e5 Qe7 7. Qe2 Nd5 8. c4 Ba6 9. b3 g6 10. Ba3 Qxa3 11. Nxa3 Bb4+ 12. Qd2 Bxd2+ 13. Kxd2 Ne7 14.
Nc2 c5 15. f3 O-O 16. Bd3 f6 17. Rae1 Nc6 18. exf6 Rxf6 19. Be4 Rd6+ 20. Bd5+ Kf8 21. Kc3 Re8 22. Rxe8+ Kxe8 23. Re1+ Kf8 24. Re4 Ne7 25.
Rf4+ Ke8 26. Be4 Rd1 27. Ne3 Re1 28. Ng4 g5 29. Rf6 h5 30. Nf2 d6 31. Rh6 Re2 32.
Nd3 h4 33. Rh8+ Kd7 34. Ra8 Rxg2 35. f4 Rxh2 36. fxg5 Ke6 37. g6 Kf6 38. Rxa7 Bc8 39. Rxc7 Be6 40. g7 Ng8 41. Nf4 Bf7 42. Nh5+ Bxh5 43.
Rc8 Bf7 44. Rf8 Kxg7 45. Rd8 h3 46. Rd7 Rf2 47. Rxd6 h2 48. Rd3 Nf6 49. Rg3+ Kf8 50. Bc6 Bd5 51. Bxd5 Nxd5+ 52. cxd5 h1=Q 0-1

[Event "Late-Titled-Tuesday-Blitz-September-19-2023"]
[Site "Chess.com"]
[Date "2023.09.19"]
[Round "4"]
[White "norwaytoadog"]
[Black "Tonychess32"]
[Result "0-1"]
[WhiteElo "2349"]
[BlackElo "2506"]
[TimeControl "180+1"]
[EndTime "14:38:26 PDT"]
[Termination "Tonychess32 won by resignation"]

1. e4 e6 2. d4 d5 3. Nc3 dxe4 4.
Nxe4 Nd7 5. Nf3 Ngf6 6. Bg5 Be7 7. Bd3 b6 8. Qe2 Bb7 9. Ng3 O-O 10. O-O-O c5 11.
dxc5 Qc7 12. h4 bxc5 13. h5 h6 14. Bd2 Rac8 15. c4 Rfd8 16. Bc3 Nb8 17. Ne5 Nc6 18. Rhe1 Nxe5 19. Bxe5 Qa5 20. Kb1 Qb6 21. f4 Nd7 22. Bc3 Bf6 23. Bxf6 Nxf6 24. f5 e5 25. Ne4 Bxe4 26.
Bxe4 Rd4 27. Bd5 Nxd5 28. cxd5 f6 29. Qc2 Rd8 30. Rxd4 cxd4 31. Qc4 Qd6 32. Rc1 Qxd5 33. Qc7 d3 34. Rd1 e4 35. Qxa7 Qxf5 36. Qe3 Qd5 37. g4 Ra8 38. b3 Rc8 39. Rc1 Rd8 40. Rd1 Qe5 41. Rd2 Rc8 42. Rd1 Qc3 43. Qd2 Qc2+ 44. Ka1 Qxd2 45. Rxd2 e3 46. Rxd3 e2 47. Re3 Rc1+ 48.
Kb2 e1=Q 49. Rxe1 Rxe1 50. b4 Re4 51. Kb3 Kf7 52. a4 Ke6 53. b5 Kd7 54. a5 Kc7 55.
Kc3 Rxg4 56. Kd3 Ra4 57. a6 Kb6 0-1

[Event "Late-Titled-Tuesday-Blitz-September-19-2023"]
[Site "Chess.com"]
[Date "2023.09.19"]
[Round "4"]
[White "Cipy77"]
[Black "Aleksandar-Topalov"]
[Result "1/2-1/2"]
[WhiteElo "2495"]
[BlackElo "2350"]
[TimeControl "180+1"]
[EndTime "14:38:31 PDT"]
[Termination "Game drawn by repetition"]

1. e4 e6 2. d4 d5 3. Nd2 Nf6 4. e5 Ng8 5. f4 Ne7 6. Ngf3 h5 7. Bd3 g6 8. c3 Qd7 9. Qe2 b6 10. a4 a5 11. b4 c6 12. O-O Nf5 13. g3 axb4 14.
cxb4 Bxb4 15. Kg2 Ba6 16. h3 Bxd3 17. Qxd3 c5 18. g4 hxg4 19. hxg4 Nxd4 20. Nxd4 cxd4 21.
Nf3 Nc6 22. Bb2 Bc5 23. Rh1 Ke7 24. Nxd4 Rxh1 25. Rxh1 Nxd4 26. Bxd4 Qxa4 27. Bxc5+ bxc5 28. Rb1 Ra7 29. Qc3 Qe4+ 30. Kg3 Kd7 31. Qxc5 Qxb1 32. Qxa7+ Ke8 33. Qa8+ Ke7 34. Qa3+ Ke8 35. Kh4 Qb8 36.
Kg5 Qd8+ 37. Kh6 d4 38. Kg7 Qe7 39. Qa8+ Qd8 40. Qa4+ Qd7 41. Qb4 Qe7 42. Qxd4 Qf8+ 43. Kf6 Qe7+ 44. Kg7 Qf8+ 45. Kh7 Qe7 46. Qa4+ Kd8 47.
Qa8+ Kd7 48. Qb7+ Ke8 49. Qc8+ Qd8 50. Qxd8+ Kxd8 51. Kg8 Ke7 52. Kg7 Ke8 53. Kf6 Kf8 54.
g5 Ke8 55. Kg7 Ke7 56. Kg8 Ke8 57. Kh7 Kf8 58. Kh8 Ke8 59. Kg7 Ke7 60. Kg8 Ke8 61.
Kh7 Kf8 62. Kh8 Ke8 63. Kg7 1/2-1/2

[Event "Late-Titled-Tuesday-Blitz-September-19-2023"]
[Site "Chess.com"]
[Date "2023.09.19"]
[Round "4"]
[White "FabianoCaruana"]
[Black "koncheto"]
[Result "1-0"]
[WhiteElo "3043"]
[BlackElo "2562"]
[TimeControl "180+1"]
[EndTime "14:38:35 PDT"]
[Termination "FabianoCaruana won by resignation"]

1. c4 Nf6 2. b3 e6 3. Bb2 b6 4. Nf3 Bb7 5. e3 d5 6. cxd5 Nxd5 7. Bb5+ c6 8. Be2 Nd7 9. O-O N7f6 10. d4 Be7 11. Nbd2 O-O 12. Rc1 c5 13. dxc5 Bxc5 14. a3 Rc8 15. b4 Be7 16. Qb3 Rxc1 17. Rxc1 Qb8 18. Be5 Bd6 19. Nc4 Bxe5 20. Ncxe5 Rc8 21. Qb2 Ne4 22. Bc4 Ndc3 23. Bf1 Qc7 24. Rc2 h5 25. h4 Qe7 26. Nd3 Ba6 27. Nf4 Nd1 28. Rxc8+ Bxc8 29. Qc2 Ndc3 30. Nxh5 Qd6 31. Ng3 Bb7 32.
Nxe4 Nxe4 33. Bd3 Nf6 34. Be2 Ng4 35. Qc4 Bxf3 36. Bxf3 Qh2+ 37. Kf1 Qh1+ 38. Ke2 Nh2 39. Qc8+ Kh7 40. Qc2+ g6 41. e4 Qf1+ 42. Ke3 Qe1+ 43. Kf4 f6 44. Kg3 Nf1+ 45. Kh3 Nd2 46. Qc7+ Kh6 47.
Qf4+ Kg7 48. Qg3 Qh1+ 49. Qh2 Qe1 50. Qc7+ Kh6 51. Qg3 Nf1 52. Qf4+ Kg7 53. Qc7+ Kh6 54. Qf4+ Kg7 55. Bg4 Nd2 56. Kh2 Nf1+ 57. Kh3 Nd2 58. Qg3 Qh1+ 59. Qh2 Qf1 60. Qc7+ Kh6 61. Qf4+ g5 62.
Qxd2 Qh1+ 63. Kg3 Qxh4+ 64. Kf3 f5 65. exf5 exf5 66. Qd6+ Kg7 67. Qd7+ Kh6 68. Qxf5 1-0

[Event "Late-Titled-Tuesday-Blitz-September-19-2023"]
[Site "Chess.com"]
[Date "2023.09.19"]
[Round "4"]
[White "Defend1r"]
[Black "SlipperySpeedster"]
[Result "0-1"]
[WhiteElo "2501"]
[BlackElo "2653"]
[TimeControl "180+1"]
[EndTime "14:38:35 PDT"]
[Termination "SlipperySpeedster won by checkmate"]

1. e4 e5 2. Nf3 Nc6 3. Bc4 Nge7 4. c3 d5 5. exd5 Nxd5 6. O-O Be7 7. Re1 O-O 8. Nxe5 Nxe5 9. Rxe5 Nf6 10. d4 Bd6 11. Re1 Ng4 12. g3 Qf6 13. Be3 Re8 14. Nd2 Rxe3 15. f3 Rxe1+ 16. Qxe1 Nh6 17. Qe8+ Bf8 18. Re1 Qc6 19. Qd8 Qd7 20. Qg5 c6 21. Ne4 Qe7 22. Qf4 Bd7 23. g4 Re8 24. g5 Nf5 25. Nf6+ Qxf6 26. gxf6 Rxe1+ 27. Kf2 Bd6 28. Qg5 Rh1 29. fxg7 Rxh2+ 30. Kg1 Be7 31. Qf4 Rh6 32. Qb8+ Kxg7 33. Qxb7 Rg6+ 34. Kf1 Ne3+ 35. Ke2 Nxc4 36. Qxd7 Nxb2 37.
f4 Rd6 38. Qc7 Re6+ 39. Kf3 Nc4 40. f5 Re3+ 41. Kf2 Bd6 42. Qxc6 Bg3+ 43. Kg2 Nd2 44.
f6+ Kg6 45. Qd5 Bf4 46. Qd8 Re2+ 47. Kh3 h5 48. Qg8+ Kf5 49. Qh7+ Ke6 50. d5+ Kd6 51. Qxh5 Rh2+ 52. Kg4 Rxh5 53. Kxh5 Be5 54. Kg4 Kxd5 55. Kf5 Bxc3 56. Kf4 Bxf6 57. Ke3 Ne4 58. Kf4 Be5+ 59.
Kf5 Nd6+ 60. Kg4 f5+ 61. Kf3 Kd4 62. Ke2 Ke4 63. Kf2 f4 64. Ke2 Bd4 65. Kf1 f3 66.
Ke1 Nf5 67. a3 Ke3 68. a4 f2+ 69. Kf1 Kf3 70. a5 Ng3# 0-1